 Seeded DCSS version 0.30.0-19-g36f170ea60 (webtiles) character file.

Game seed: 8994729474104937668 (custom seed)

179 CInkIbrahim the Chopper (level 5, -3/32 HPs)
             Began as a Gargoyle Cinder Acolyte on May 27, 2023.
             Was a High Priest of Ignis.
             Slain by a scorpion (4 damage)
             ... on level 5 of the Dungeon.
             The game lasted 00:02:17 (2000 turns).

CInkIbrahim the Chopper (Gargoyle Cinder Acolyte)   Turns: 2000, Time: 00:02:18

Health: -3/32      AC: 12    Str: 20    XL:     5   Next: 59%
Magic:  6/6        EV: 10    Int: 14    God:    Ignis [*****.]
Gold:   133        SH:  0    Dex:  5    Spells: 6/6 levels left

rFire   + + .        a - -1 hand axe (flame)
rCold   . . .        (no shield)
rNeg    + . .        u - +0 ring mail
rPois   ∞            (no helmet)
rElec   +            v - +0 cloak
rCorr   .            (no gloves)
SInv    +            (no boots)
Will    .....        (no amulet) Stlth
                     j - ring of protection from fire
HPRegen 0.25/turn    w - ring of see invisible
MPRegen 0.10/turn

%: no passive effects
@: corroded, fiery-armoured
A: sickness immunity, AC +4, negative energy resistance 1, electricity
resistance, torment resistance 1, petrification resistance, iridescent scales 1,
deformed body
a: Renounce Religion, Fiery Armour, Foxfire Swarm, Rising Flame


You were on level 5 of the Dungeon.
You worshipped Ignis.
Ignis was extremely pleased with you.
You visited 1 branch of the dungeon, and saw 5 of its levels.

You collected 133 gold pieces.

Inventory:

Hand Weapons
 a - a -1 hand axe of flaming (weapon)
Armour
 b - a +0 robe
 u - a +0 ring mail (worn)
 v - a +0 cloak (worn)
 z - the +0 cloak of Puetemn {rPois Str+7 Int+3 Dex-2}
   (You found it on level 5 of the Dungeon)

   Str:       It affects your strength (+7).
   Int:       It affects your intelligence (+3).
   Dex:       It affects your dexterity (-2).
   rPois:     It protects you from poison.
Jewellery
 j - a ring of protection from fire (left hand)
 w - a ring of see invisible (right hand)
Wands
 e - a wand of roots (7)
 y - a wand of mindburst (10)
Scrolls
 d - 3 scrolls of vulnerability {unknown}
 f - 2 scrolls of torment {unknown}
 g - a scroll of blinking {unknown}
 h - a scroll of fear {unknown}
 i - 2 scrolls of immolation {unknown}
 k - 2 scrolls of magic mapping {unknown}
 m - 3 scrolls of silence {unknown}
 r - a scroll of teleportation {unknown}
 s - a scroll of enchant armour {unknown}
 t - a scroll of enchant weapon {unknown}
Potions
 c - 2 potions of berserk rage {unknown}
 l - a potion of might {unknown}
 n - 2 potions of magic
 o - a potion of brilliance {unknown}
 p - a potion of attraction
 q - 2 potions of curing
 x - a potion of heal wounds {unknown}


   Skills:
 - Level 3.2 Fighting
 + Level 5.5 Axes
 - Level 1.0 Spellcasting
 - Level 3.0 Fire Magic


You had 6 spell levels left.
You didn't know any spells.
Your spell library contained the following spells:

 Spells                   Type           Power      Damage    Failure   Level
 Scorch                   Fire           18%        2d5       21%         2
 Sandblast                Erth           0%         2d4       41%         1
 Summon Small Mammal      Summ           0%         N/A       41%         1
 Passwall                 Tmut/Erth      0%         N/A       56%         2
 Call Canine Familiar     Summ           0%         N/A       80%         3
 Summon Guardian Golem    Hex/Summ       0%         N/A       80%         3
 Borgnjor's Vile Clutch   Necr/Erth      0%         N/A       100%        5
 Iron Shot                Conj/Erth      0%         9d1       100%        6
 Statue Form              Tmut/Erth      Unusable   N/A       N/A         6

Dungeon Overview and Level Annotations

Branches:
Dungeon (5/15)
 Temple: D:4-7

Altars:


Innate Abilities, Weirdness & Mutations

You are immune to sickness and miasma.
Your stone body is resilient. (AC +4)
You are immune to poison.
You resist negative energy. (rN+)
You are resistant to electric shocks. (rElec)
You are resistant to unholy torment.
You are immune to petrification.
You are partially covered in iridescent scales. (AC +2)
Armour fits poorly on your strangely shaped body.


Message History

d - 3 scrolls labelled FIOXYORCHEN (gained 1)
You see here a scorpion corpse.
Found a hand axe.
Found a smoking cloak.
A scorpion comes into view.
A jelly comes into view.
The jelly quivers.
You see here the +0 cloak of Puetemn {rPois Str+7 Int+3 Dex-2}.
z - the +0 cloak of Puetemn {rPois Str+7 Int+3 Dex-2} The scorpion stings you.
The scorpion is burned by your cloak of flames.
The scorpion is moderately wounded.
The jelly hits you but does no damage.
The jelly is burned by your cloak of flames.
The jelly is lightly wounded.
You closely miss the scorpion.
The scorpion is moderately wounded.
You hit the jelly. You burn the jelly.
Your hands burn!
The scorpion completely misses you. The jelly hits you.
You are splashed with acid.
The jelly is burned by your cloak of flames.
The jelly is severely wounded.
You are too injured to fight recklessly!
You are too injured to fight recklessly!
You closely miss the scorpion.
The scorpion is lightly wounded.
You barely miss the jelly.
The scorpion stings you but does no damage.
The scorpion is burned by your cloak of flames.
The scorpion is moderately wounded.
The jelly hits you.
You are splashed with acid!
* * * LOW HITPOINT WARNING * * *
The jelly is burned by your cloak of flames.
The jelly is almost dead.
You hit the jelly but do no damage. The acid corrodes you!
Your hands burn!
* * * LOW HITPOINT WARNING * * *
The jelly is almost dead.
You barely miss the scorpion. The scorpion stings you.
* * * LOW HITPOINT WARNING * * *
The scorpion stings you.
You die...

#..# #
#..##..... .
#..##...# .#
#..##...# ..##
#.†##...##...#
#............#
#..##........#
#..##..s.....#
#..##.@J##
#..##...##
#........#
#..##)...#
#..###+###
#..# #... #...
#..##


You could see a scorpion and a jelly.

Vanquished Creatures
  A scorpion (D:5)
  Terence (D:2)
  Jessica (D:3)
  A gnoll (D:1)
  An adder (D:4)
  2 dart slugs
  2 endoplasms (D:1)
  2 giant cockroaches (D:2)
  8 hobgoblins
  2 quokkas (D:3)
  3 ball pythons
  6 bats
  4 frilled lizards
  5 goblins
  2 kobolds (D:1)
  3 rats
44 creatures vanquished.

Notes
Turn   | Place    | Note
-------+----------+-------------------------------------------
     0 | D:1      | CInkIbrahim the Gargoyle Cinder Acolyte began the quest for
                  | the Orb.
     0 | D:1      | Reached XP level 1. HP: 14/14 MP: 2/2
    70 | D:1      | Reached skill level 3 in Axes
   146 | D:1      | Reached XP level 2. HP: 19/19 MP: 3/3
   295 | D:1      | Reached XP level 3. HP: 15/23 MP: 4/4
   777 | D:2      | Reached skill level 4 in Axes
  1177 | D:2      | Noticed Terence
  1194 | D:2      | Killed Terence
  1195 | D:2      | Reached XP level 4. HP: 5/28 MP: 5/5
  1205 | D:2      | HP: 1/28 [hobgoblin (3)]
  1661 | D:3      | Got the Tome of the Mantle
  1771 | D:3      | Noticed Jessica
  1777 | D:3      | Killed Jessica
  1850 | D:3      | Gained mutation: You are partially covered in iridescent
                  | scales. (AC +2) [potion of mutation]
  1850 | D:3      | Gained mutation: Armour fits poorly on your strangely
                  | shaped body. [potion of mutation]
  1857 | D:4      | Noticed an ogre
  1913 | D:4      | Reached skill level 5 in Axes
  1913 | D:4      | Reached XP level 5. HP: 30/32 MP: 6/6
  1930 | D:5      | Entered Level 5 of the Dungeon
  1995 | D:5      | Identified the +0 cloak of Puetemn {rPois Str+7 Int+3
                  | Dex-2}
  2000 | D:5      | HP: 1/32 [scorpion (3)]
  2000 | D:5      | Slain by a scorpion

Illustrated notes

Levels and vault maps discovered:
D:1:      ncdulo_halloftheorcs, layout_rooms, minmay_tetromino_o4
D:2:      layout_loops_cross, uniq_terence
D:3:      layout_basic, serial_forest, infiniplex_forest_diagonal,
          infiniplex_forest_straight_2, infiniplex_forest_lined_1,
          infiniplex_forest_lined_corner, infiniplex_forest_clump_small,
          infiniplex_forest_zigzag_2, infiniplex_forest_clump_tiny, uniq_jessica
D:4:      layout_basic, grunt_temple_overflow_open, serial_shops, shop,
          minmay_misc_feat_nine_boxes, minivault_24,
          minmay_shop_enchanted_jewellery, uniq_blork_the_orc, uniq_sigmund
D:5:      minmay_angry_zag, layout_gridville, minmay_temple_entry_junction_2,
          eino_tiny_chamber

Skill      XL: |  1  2  3  4 |
---------------+-------------+-----
Axes           | 3 4 5 |  5.5
Fighting       | |  3.2
Spellcasting   | |  1.0
Fire Magic     | |  3.0

Action                     |  1- 3 |  4- 6 || total
---------------------------+-------+-------++-------
  Melee: Hand axe          |   101 |    91 ||   192
         Punch             |     2 |     2 ||     4
 Invoke: Fiery Armour      |       |     1 ||     1
    Use: Scroll            |       |     3 ||     3
         Potion            |       |     1 ||     1
 Armour: Robe              |    34 |     5 ||    39
         Ring mail         |       |    37 ||    37
  Dodge: Dodged            |    62 |    48 ||   110
